 Dungeon Crawl Stone Soup version 0.26-a0-540-g8a0c9464d7 (webtiles) character file.

Game seed: 10577094369214114670

49 MalarOregon the Charlatan (level 3, 0/29 HPs)
             Began as a Draconian Artificer on Aug 19, 2020.
             Slain by a quokka (1 damage)
             ... on level 2 of the Dungeon.
             The game lasted 00:01:59 (1626 turns).

MalarOregon the Charlatan (Draconian Artificer)     Turns: 1626, Time: 00:02:00

Health: 0/29       AC:  5    Str: 14    XL:     3   Next: 53%
Magic:  3/3        EV: 12    Int: 12    God:
Gold:   122        SH:  0    Dex: 11    Spells: 2/2 levels left

rFire    + . .     SeeInvis .   k - +0 whip
rCold    . . .     Faith    .   (no shield)
rNeg     . . .     Spirit   .   (armour unavailable)
rPois    .         Reflect  .   (helmet restricted)
rElec    .         Harm     .   (no cloak)
rCorr    .                      (no gloves)
MR       .....                  (no boots)
Stlth    +.........             (no amulet)
HPRegen  0.09/turn              i - ring of protection from fire
MPRegen  0.08/turn              (no ring)

@: mighty, stab
A: unfitting armour, cold-blooded, AC +5
a: no special abilities


You were on level 2 of the Dungeon.
You visited 1 branch of the dungeon, and saw 2 of its levels.

You collected 122 gold pieces.

Inventory:

Hand Weapons
 k - a +0 whip (weapon)
   (You took it off a kobold on level 1 of the Dungeon)
Jewellery
 i - a ring of protection from fire (left hand)
   (You found it on level 1 of the Dungeon)
Wands
 c - a wand of enslavement (15)
 t - a wand of flame (15)
Scrolls
 b - a scroll of fear {unknown}
 g - 3 scrolls of identify {unknown}
 l - a scroll of random uselessness {unknown}
Potions
 a - a potion of lignification {unknown}
 d - 2 potions of berserk rage {unknown}
 e - a potion of heal wounds {unknown}
 m - a potion of curing {unknown}


   Skills:
 + Level 2.3 Fighting
 + Level 0.4 Maces & Flails
 + Level 2.7 Dodging
 - Level 0.8 Stealth
 + Level 3.5 Evocations


You had 2 spell levels left.
You didn't know any spells.
Your spell library was empty.

Dungeon Overview and Level Annotations

Branches:
Dungeon (2/15)

Altars:
Ru


Innate Abilities, Weirdness & Mutations

Your plain brown scales are hard. (AC +5)
You cannot fit into any form of body armour.
You are cold-blooded and may be slowed by cold attacks.


Message History

You see here a hobgoblin corpse.
Throwing (i - inventory)
f - 7 poisoned darts (quivered)
Aim: a worm (severely wounded, poisoned)
You throw a poisoned dart.
The poisoned dart barely misses the worm.
The worm looks more healthy.
Throwing (i - inventory)
f - 6 poisoned darts (quivered)
Aim: a worm (severely wounded)
You throw a poisoned dart. The poisoned dart hits the worm.
Throwing (i - inventory)
f - 5 poisoned darts (quivered)
Aim: a worm (heavily wounded)
You throw a poisoned dart.
The poisoned dart barely misses the worm.
Throwing (i - inventory)
f - 4 poisoned darts (quivered)
Aim: a worm (heavily wounded)
You throw a poisoned dart. The poisoned dart hits the worm.
A quokka comes into view.
Throwing (i - inventory)
f - 3 poisoned darts (quivered)
Aim: a worm (moderately wounded)
You throw a poisoned dart. The poisoned dart hits the worm.
The worm is poisoned.
Throwing (i - inventory)
f - 2 poisoned darts (quivered)
Aim: a worm (heavily wounded, poisoned)
You throw a poisoned dart. The poisoned dart hits the worm.
The worm looks even sicker.
Throwing (i - inventory)
f - a poisoned dart (quivered)
Aim: a worm (heavily wounded, very poisoned)
You throw a poisoned dart. The poisoned dart hits the worm.
The worm looks even sicker.
The helpless quokka fails to defend itself.
You hit the quokka.
Your tail-slap misses the quokka.
The quokka bites you but does no damage.
The quokka bites you.
* * * LOW HITPOINT WARNING * * *
You miss the quokka. You tail-slap the quokka. The quokka bites you.
* * * LOW HITPOINT WARNING * * *
The quokka barely misses you.
You miss the quokka.
You tail-slap the quokka, but do no damage.
The quokka bites you.
* * * LOW HITPOINT WARNING * * *
It was a potion of stabbing.
You feel ready to backstab. The quokka misses you.
The quokka barely misses you.
Okay, then.
Found a dagger.
It was a potion of might.
You feel very mighty all of a sudden. The quokka bites you.
You die...

..###≈..≈###. ###########
.#...#≈≈#...# #.........# ).#.⌠
#≈≈#.⌠.# #.........#
..#...#≈≈#...# ........[.#
#####...###≈≈≈≈###.
#.........#####.........≈≈≈≈≈≈...
#.......................≈≈≈≈≈≈...
#.....................###≈≈≈≈###.
#..............[@....#...#≈≈#...#
##..####....≈≈≈.r.w..#.⌠.#≈≈#.⌠.#
###....≈≈≈≈≈≈##......#...#≈≈#...#
.....≈≈≈≈..≈..........###≈..≈###.
....≈≈≈......#............((...(.
.....≈.......#.........###..#.##.
.............#.###.##### ##...##.
##...#####...#.###.########.####.
..................>#........# #.


You could see a worm (poisoned) and a quokka.

Vanquished Creatures
  An adder (D:2)
  4 dart slugs (D:1)
  2 leopard geckos
  A giant cockroach (D:1)
  7 goblins
  2 hobgoblins
  A kobold (D:1)
  A ball python (D:2)
  5 bats (D:1)
  2 frilled lizards (D:1)
  2 rats (D:1)
28 creatures vanquished.

Notes
Turn   | Place    | Note
-------+----------+-------------------------------------------
     0 | D:1      | MalarOregon the Draconian Artificer began the quest for the
                  | Orb.
     0 | D:1      | Reached XP level 1. HP: 16/16 MP: 1/1
   204 | D:1      | Reached XP level 2. HP: 18/23 MP: 2/2
   942 | D:1      | Reached XP level 3. HP: 29/29 MP: 3/3
  1459 | D:2      | Found a sacrificial altar of Ru.
  1622 | D:2      | HP: 1/29 [quokka (1)]
  1626 | D:2      | Slain by a quokka

Illustrated notes

Levels and vault maps discovered:
D:1:      nzn_arrival_depleted_hourglass, layout_basic,
          chequers_serial_rivers_large_a, grunt_decor_one_mirror,
          chequers_serial_rivers_room_a
D:2:      minmay_inner_zag, layout_basic, grunt_temple_overflow_open,
          minmay_statues_item, chequers_serial_rivers_small_a, fountainhead,
          nicolae_ru_the_path_less_chosen

Skill      XL: |  1  2 |
---------------+-------+-----
Fighting       | 2 |  2.3
Maces & Flails | |  0.4
Dodging        | |  2.7
Stealth        | |  0.8
Evocations     | |  3.5

Action                   || total
-------------------------++-------
Melee: Club              ||    70
       Tailslap          ||    18
       Whip              ||    45
Throw: Dart              ||    14
  Use: Potion            ||     2
 Stab: Sleeping          ||     2
Armor: Skin              ||    33
Dodge: Dodged            ||    96

Table legend: (Time is in decaauts)
 A = Elapsed time spent in this place.
 B = Non-inter-level travel time spent in this place.
 C = Inter-level travel time spent in this place.
 D = Time resting spent in this place.
 E = Time spent auto-exploring this place.
 F = Levels seen in this place.
 G = Mean time per level.
                   A        B        C        D        E       F      G
               +--------+--------+--------+--------+--------+-----+--------+
         Total |   1656 |   1543 |    113 |    151 |   1083 |   2 |  828.0 |
       Dungeon |   1656 |   1543 |    113 |    151 |   1083 |   2 |  828.0 |
               +--------+--------+--------+--------+--------+-----+--------+

Top non-repeatable levels by time:
     D:1: 1238 daAuts
     D:2: 418 daAuts
